[Event "ICC tourney 2148 (70 10)"]
[Site "Internet Chess Club"]
[Date "2020.11.21"]
[Round "2"]
[White "redcloudatlas"]
[Black "thomasamdur"]
[Result "0-1"]
[ICCResult "White resigns"]
[WhiteElo "101"]
[BlackElo "798"]
[Opening "Caro-Kann: two knights variation"]
[ECO "B10"]
[NIC "CK.01"]
[Time "16:03:13"]
[TimeControl "4200+10"]

1. e4 c6 2. Nf3 d5 3. Nc3 d4 4. Nxd4 Qxd4 5. Qf3 Nf6 6. d3 Bg4 7. Qg3 e6 8.
Be3 Qb4 9. a3 Qxb2 10. Ra2 Qxc3+ 11. Bd2 Qd4 12. Qc7 Qd7 13. Qxd7+ Nbxd7 14.
f3 Bh5 15. Bc3 O-O-O 16. e5 Nd5 17. Bb2 Bc5 18. d4 Bb6 19. Bd3 Ne3 20. g4
Bg6 21. Bc3 Bxd3 22. cxd3 Nd5 23. Bb2 Nf4 24. Kd2 Ba5+ 25. Ke3 Nd5+ 26. Kf2
N7b6 27. Rc1 Bd2 28. Rc2 Be3+ 29. Ke2 h5 30. g5 Bxg5 31. Bc1 Bxc1 32. Rxc1
Nf4+ 33. Kd2 Rxd4 34. Rac2 Rxd3+ 35. Ke1 Re3+ 36. Kf2 Nbd5 37. Rc4 Re2+ 38.
Kg3 Rg2+ 39. Kh4 Ng6+ 40. Kh3 Ndf4+ 41. Rxf4 Nxf4+ 42. Kh4 Rxh2+ 43. Kg3
Ne2+ 44. Kxh2 Nxc1 45. Kg3 c5 46. Kf2 c4 47. Ke1 c3 48. Kd1 Na2 49. Kc2 Rd8
50. Kb3 Rd2 {White resigns} 0-1

[Event "ICC tourney 2148 (70 10)"]
[Site "Internet Chess Club"]
[Date "2020.11.21"]
[Round "2"]
[White "apiguponarock"]
[Black "roh007"]
[Result "1-0"]
[ICCResult "Black resigns"]
[WhiteElo "972"]
[BlackElo "1079"]
[Opening "Scotch game"]
[ECO "C45"]
[NIC "SO.04"]
[Time "16:02:36"]
[TimeControl "4200+10"]

1. e4 e5 2. Nf3 Nc6 3. d4 exd4 4. Nxd4 Nxd4 5. Qxd4 d6 6. Bc4 Be6 7. Nc3 Qf6
8. Qd3 Ne7 9. O-O Nc6 10. Bb5 Bd7 11. Nd5 Qd8 12. f4 a6 13. Ba4 Na7 14.
Bxd7+ Qxd7 15. Bd2 Nc8 16. Rae1 c6 17. Nc3 Be7 18. e5 O-O 19. f5 Qc7 20. f6
Bd8 21. Qg3 g6 22. Qh4 dxe5 23. Ne4 Nd6 24. Qh6 Ne8 25. Ng5 Nxf6 26. Rxf6
Re8 27. Qxh7+ Kf8 28. Rxf7+ {Black resigns} 1-0

[Event "ICC tourney 2148 (70 10)"]
[Site "Internet Chess Club"]
[Date "2020.11.21"]
[Round "2"]
[White "pintormjajeff"]
[Black "Deng20"]
[Result "1/2-1/2"]
[ICCResult "Game drawn by mutual agreement"]
[WhiteElo "979"]
[BlackElo "779"]
[Opening "Four knights: Spanish, classical defense"]
[ECO "C48"]
[NIC "KP.03"]
[Time "16:02:35"]
[TimeControl "4200+10"]

1. e4 e5 2. Nf3 Nc6 3. Nc3 Nf6 4. Bb5 Bc5 5. Nxe5 Nxe5 6. d4 Bd6 7. dxe5
Bxe5 8. O-O O-O 9. Bd2 h6 10. a4 c6 11. Bc4 Bxc3 12. Bxc3 Nxe4 13. Qd4 Nxc3
14. Qxc3 d5 15. Be2 d4 16. Qd3 c5 17. Rfe1 Be6 18. Bf3 Qd7 19. Be4 c4 20.
Qg3 Rfe8 21. c3 d3 22. h3 Rad8 23. Qf3 Qe7 24. Bxb7 Rb8 25. Bd5 Bxd5 26.
Qxd5 Qc7 27. Re4 Rxe4 28. Qxe4 Rxb2 29. Re1 d2 30. Qe8+ Kh7 31. Rd1 Qf4 32.
Qe2 Rc2 33. g3 Qd6 34. Qe4+ Qg6 35. Qf4 Qe6 36. Kf1 g5 37. Qd4 Rc1 38. Qxd2
Rxd1+ 39. Qxd1 {Game drawn by mutual agreement} 1/2-1/2

[Event "ICC tourney 2148 (70 10)"]
[Site "Internet Chess Club"]
[Date "2020.11.21"]
[Round "2"]
[White "UnkArjun"]
[Black "mytoyoweta"]
[Result "0-1"]
[ICCResult "White checkmated"]
[WhiteElo "640"]
[BlackElo "1108"]
[Opening "Philidor's defense"]
[ECO "C41"]
[NIC "KP.10"]
[Time "16:02:51"]
[TimeControl "4200+10"]

1. e4 e5 2. Nf3 d6 3. Nc3 Nf6 4. d3 h6 5. Be2 Be7 6. O-O O-O 7. h3 Nh7 8.
Nd5 c6 9. Nxe7+ Qxe7 10. Be3 c5 11. c4 a5 12. a4 Nc6 13. Bd2 f5 14. exf5
Bxf5 15. g4 Be6 16. Qe1 d5 17. cxd5 Bxd5 18. Qd1 Nd4 19. Nxd4 exd4 20. Re1
Qh4 21. Rf1 Qxh3 22. f3 Qg3+ 23. Kh1 Qxg4 24. Rg1 Qh3# {White checkmated}
0-1

[Event "ICC tourney 2148 (70 10)"]
[Site "Internet Chess Club"]
[Date "2020.11.21"]
[Round "2"]
[White "mewto12345"]
[Black "joshbleicher"]
[Result "1-0"]
[ICCResult "Black resigns"]
[WhiteElo "1275"]
[BlackElo "714"]
[Opening "King's Indian: London system"]
[ECO "A48"]
[NIC "QP.03"]
[Time "16:03:47"]
[TimeControl "4200+10"]

1. d4 Nf6 2. Nf3 g6 3. Bf4 Bg7 4. e3 d5 5. Bd3 Nc6 6. O-O Nh5 7. Bg3 Nxg3 8.
fxg3 O-O 9. Nbd2 e5 10. dxe5 Nxe5 11. Nxe5 Bxe5 12. Nf3 Bxb2 13. Rb1 Ba3 14.
Rb3 Qe7 15. Be2 Rd8 16. Qd3 Bc5 17. Nd4 Rd6 18. Bf3 c6 19. Qc3 Bb6 20. Rfb1
Bd8 21. Ra3 a5 22. Nb3 a4 23. Nc5 Ba5 24. Qd4 b5 25. Nd3 Rf6 26. Nc5 Bb6 27.
Rc3 Bd7 28. Qb4 Re8 29. Kf2 h5 30. a3 Ra8 31. Nxd7 Qxd7 32. Rd3 Re8 33. Qc3
Bd8 34. Rb4 Re4 35. Rxe4 Qa7 36. Re8+ {Black resigns} 1-0

[Event "ICC tourney 2148 (70 10)"]
[Site "Internet Chess Club"]
[Date "2020.11.21"]
[Round "2"]
[White "Judtyr123"]
[Black "dolphins4life"]
[Result "1-0"]
[ICCResult "Black resigns"]
[WhiteElo "1093"]
[BlackElo "725"]
[Opening "Ruy Lopez: exchange, Gligoric variation"]
[ECO "C69"]
[NIC "RL.08"]
[Time "16:07:58"]
[TimeControl "4200+10"]

1. e4 e5 2. Nf3 Nc6 3. Bb5 a6 4. Bxc6 dxc6 5. O-O f6 6. d4 exd4 7. Qxd4 Qxd4
8. Nxd4 Bc5 9. Nb3 Bb6 10. Bf4 g5 11. Bg3 h5 12. h3 h4 13. Bh2 g4 14. hxg4
Bxg4 15. c4 O-O-O 16. c5 Ba7 17. f3 Be6 18. N1d2 h3 19. f4 hxg2 20. Rf2 Bh3
21. Nc4 b6 22. Rd2 Rxd2 23. Nbxd2 b5 24. Ne3 Bxc5 25. Re1 Nh6 26. Nb3 Bb6
27. Bg3 Ng4 28. Bf2 Nxf2 29. Kxf2 Rg8 30. Rg1 Be6 31. f5 Bxb3 32. axb3 Bxe3+
33. Kxe3 Rg3+ 34. Kf4 Rxb3 35. Rxg2 Kd7 36. Rd2+ Ke7 37. Rc2 Kd6 38. Rd2+
Ke7 39. Rc2 Kd6 40. Rd2+ Kc5 41. Rc2+ Kb6 42. Rf2 c5 43. e5 Rb4+ 44. Ke3
Rb3+ 45. Kf4 Rb4+ 46. Kg3 Kc6 47. exf6 Kd7 48. Re2 Rb3+ 49. Kh4 Rb4+ 50. Kg5
Rb3 51. f7 Rg3+ 52. Kf6 {Black resigns} 1-0

[Event "ICC tourney 2148 (70 10)"]
[Site "Internet Chess Club"]
[Date "2020.11.21"]
[Round "2"]
[White "butik666"]
[Black "Minidog201"]
[Result "1-0"]
[ICCResult "Black checkmated"]
[WhiteElo "735"]
[BlackElo "782"]
[Opening "Petrov's defense"]
[ECO "C42"]
[NIC "RG.03"]
[Time "16:02:50"]
[TimeControl "4200+10"]

1. e4 e5 2. Nf3 Nf6 3. Nxe5 d6 4. Nf3 Nxe4 5. Bc4 Nc6 6. O-O Be7 7. Re1 d5
8. Bb5 Bd7 9. d3 Nf6 10. Bg5 a6 11. Bxf6 gxf6 12. Ba4 Rg8 13. Nc3 Bh3 14. g3
Qd6 15. a3 O-O-O 16. Bxc6 Qxc6 17. Rxe7 d4 18. Nb1 h5 19. Re4 f5 20. Rf4 Qh6
21. Qd2 Qc6 22. Qd1 Rg4 23. Qd2 Rxf4 24. Qxf4 Re8 25. Nbd2 Bg4 26. Re1 Rd8
27. c4 Qb6 28. Re7 Qc5 29. Rxf7 Qa5 30. b4 Qb6 31. a4 h4 32. c5 Qc6 33. Nxh4
Bh3 34. Nhf3 a5 35. b5 Qxc5 36. Nb3 Qc2 37. Ne1 Qc3 38. Re7 Rd7 39. Re8+ Rd8
40. Rxd8+ Kxd8 41. Qxd4+ Qxd4 42. Nxd4 Ke7 43. f4 Kd6 44. Kf2 Kc5 45. Ne6+
Kb4 46. Nxc7 Kxa4 47. d4 Kb3 48. d5 a4 49. d6 a3 50. d7 a2 51. d8=Q a1=Q 52.
Qd3+ Ka4 53. Qc2+ Ka5 54. Qd2+ Kb6 55. Nd5+ Ka7 56. Qe3+ Kb8 57. Qe8+ Ka7
58. b6+ Ka6 59. Qa8+ Kb5 60. Qxa1 Kc5 61. Ne7 Kxb6 62. Qf6+ Ka5 63. Nxf5 b5
64. Qe5 Ka4 65. Qh8 Bxf5 66. Qa1+ Kb3 67. h4 b4 68. h5 Kc4 69. Qc1+ Kb3 70.
h6 Ka2 71. Qd2+ Ka3 72. Qd6 Ka2 73. Qd5+ Ka3 74. Qxf5 b3 75. Qa5+ Kb2 76. h7
Kc1 77. Qc3+ Kd1 78. Qxb3+ Kd2 79. h8=Q Kc1 80. Qhb2# {Black checkmated} 1-0

[Event "ICC tourney 2148 (70 10)"]
[Site "Internet Chess Club"]
[Date "2020.11.21"]
[Round "2"]
[White "jonathanxu"]
[Black "Kentnar"]
[Result "0-1"]
[ICCResult "White resigns"]
[WhiteElo "590"]
[BlackElo "1140"]
[Opening "French: advance, Nimzovich system"]
[ECO "C02"]
[NIC "FR.03"]
[Time "16:02:41"]
[TimeControl "4200+10"]

1. e4 e6 2. d4 d5 3. e5 c5 4. Nf3 Nc6 5. Bb5 a6 6. Bxc6+ bxc6 7. c3 f6 8.
Nbd2 cxd4 9. cxd4 Bb4 10. Qc2 Bd7 11. O-O Nh6 12. Nb3 Nf5 13. Be3 O-O 14. a3
Be7 15. Nc5 Nxe3 16. fxe3 f5 17. h3 Bxc5 18. Qxc5 Rb8 19. b4 Rb5 20. Qc2 a5
21. bxa5 Rxa5 22. Rfb1 f4 23. exf4 Rxf4 24. Qd2 Re4 25. Ng5 Rh4 26. Rb7 Rb5
27. Rxb5 cxb5 28. Rf1 Qb6 29. g3 Qxd4+ 30. Qxd4 Rxd4 31. Rb1 h6 32. Nf3 Rd3
33. Kg2 Rxa3 34. Nd4 Re3 35. Nxb5 Bxb5 36. Rxb5 Rxe5 37. Kf3 Kf7 38. g4 Re1
39. Rb4 Rh1 40. Kg3 Kf6 41. Rf4+ Ke7 42. Rb4 Rg1+ 43. Kf2 Rd1 44. Kf3 d4 45.
Ke4 Kf6 46. Rxd4 Rxd4+ 47. Kxd4 Kg5 48. Ke3 Kh4 49. Kf4 g5+ 50. Ke5 Kxh3 51.
Kxe6 Kxg4 52. Kf6 h5 53. Ke5 h4 54. Ke4 Kg3 55. Ke3 Kg2 56. Ke2 h3
{White resigns}
0-1

[Event "ICC tourney 2148 (70 10)"]
[Site "Internet Chess Club"]
[Date "2020.11.21"]
[Round "2"]
[White "yesiwillbeatyou"]
[Black "MissCalculation"]
[Result "1/2-1/2"]
[ICCResult "Game drawn by repetition"]
[WhiteElo "240"]
[BlackElo "978"]
[Opening "Caro-Kann: two knights variation"]
[ECO "B10"]
[NIC "CK.01"]
[Time "16:03:02"]
[TimeControl "4200+10"]

1. e4 c6 2. Nf3 d5 3. Nc3 d4 4. Ne2 c5 5. b4 e6 6. a3 Nc6 7. c3 e5 8. cxd4
cxd4 9. b5 Nce7 10. Nxe5 Nf6 11. Qb3 Be6 12. Qf3 Ng6 13. Nxg6 hxg6 14. Bb2
Bg4 15. Qd3 Bc5 16. Nxd4 O-O 17. Nb3 Qxd3 18. Bxd3 Bb6 19. O-O Be6 20. Nd4
Bd7 21. a4 Rfe8 22. Rfe1 Rac8 23. a5 Bc5 24. e5 Nd5 25. Bc4 Bxd4 26. Bxd5
Bxb2 27. Bxb7 Bxa1 28. Bxc8 Bxc8 29. Rxa1 Rxe5 30. b6 axb6 31. a6 Bxa6 32.
h3 Bb7 33. Ra7 Be4 34. f3 Bd3 35. Rd7 Bf5 36. Rd6 b5 37. Rb6 Bd3 38. Rb8+
Kh7 39. Rf8 f6 40. f4 Re1+ 41. Kf2 Re2+ 42. Kf3 Rxd2 43. Ke3 Rd1 44. Rd8 b4
45. Rxd3 Rxd3+ 46. Kxd3 b3 47. Kc3 b2 48. Kxb2 Kh6 49. g4 g5 50. f5 g6 51.
fxg6 Kxg6 52. Kc3 f5 53. Kd3 f4 54. Ke4 Kf6 55. Kf3 Ke5 56. Kg2 Ke4 57. Kf2
f3 58. Kf1 Kf4 59. Kf2 Ke4 60. Kf1 Kf4 61. Kf2 Ke4 62. Kf1 Kf4 63. Kf2
{Game drawn by repetition}
1/2-1/2

[Event "ICC tourney 2148 (70 10)"]
[Site "Internet Chess Club"]
[Date "2020.11.21"]
[Round "2"]
[White "LeoBerkson"]
[Black "truelegend17"]
[Result "0-1"]
[ICCResult "White checkmated"]
[WhiteElo "1109"]
[BlackElo "922"]
[Opening "Queen's pawn game"]
[ECO "A45"]
[NIC "QP.07"]
[Time "16:02:54"]
[TimeControl "4200+10"]

1. d4 Nf6 2. e3 d5 3. f4 e6 4. Nf3 Nc6 5. Bd3 a6 6. O-O Bd6 7. c3 h6 8. Ne5
Bd7 9. Nd2 O-O 10. Ndf3 Re8 11. Ne1 Ne4 12. N1f3 f5 13. Rb1 Rf8 14. Ng6 Rf6
15. Nfh4 Be8 16. Ne5 Bf7 17. Bd2 Qe8 18. Be2 Ne7 19. Nxf7 Qxf7 20. Bh5 g6
21. Be2 Kh7 22. Nf3 Nc6 23. Be1 Qg7 24. Bh4 Rff8 25. Bd3 Rg8 26. Bxe4 dxe4
27. Ne5 Bxe5 28. fxe5 g5 29. Be1 Ne7 30. b3 Nd5 31. Qe2 Raf8 32. c4 Ne7 33.
h4 Qg6 34. Rd1 c6 35. d5 exd5 36. cxd5 Nxd5 37. h5 Qg7 38. e6 Qf6 39. b4
Qxe6 40. a3 f4 41. Bd2 f3 42. gxf3 Rxf3 43. Rxf3 Qg4+ 44. Kf2 Qxf3+ 45. Qxf3
exf3 46. Kxf3 g4+ 47. Kg3 Nf6 48. Rh1 Ne4+ 49. Kf4 Nxd2 50. Rd1 Nc4 51. Rd7+
Rg7 52. Rxg7+ Kxg7 53. Kxg4 Nxa3 54. e4 Kf6 55. Kf4 Nc4 56. Kg4 Ke5 57. Kf3
Nd2+ 58. Ke3 Nxe4 59. b5 cxb5 60. Kd3 a5 61. Kc2 b4 62. Kb2 b5 63. Ka2 a4
64. Ka1 b3 65. Kb2 b4 66. Ka1 a3 67. Kb1 Nc3+ 68. Ka1 b2# {White checkmated}
0-1

[Event "ICC tourney 2148 (70 10)"]
[Site "Internet Chess Club"]
[Date "2020.11.21"]
[Round "2"]
[White "leonlunachen"]
[Black "auggie29"]
[Result "0-1"]
[ICCResult "White resigns"]
[WhiteElo "719"]
[BlackElo "1076"]
[Opening "French: advance, Paulsen attack"]
[ECO "C02"]
[NIC "FR.03"]
[Time "16:02:50"]
[TimeControl "4200+10"]

1. e4 e6 2. d4 d5 3. e5 c5 4. c3 Nc6 5. Nf3 Qb6 6. a3 f6 7. Bf4 Qxb2 8. Nbd2
cxd4 9. cxd4 Nxd4 10. exf6 Nc2+ 11. Ke2 Nxa1 12. Be5 Qb5+ 13. Ke1 Qd7 14.
Qb1 a6 15. Qxa1 Nxf6 16. Qb2 Be7 17. Be2 O-O 18. h4 Bd6 19. Bd4 e5 20. Nxe5
Bxe5 21. Bxe5 Qe7 22. Nf3 Bg4 23. Ng5 Bxe2 24. Qxe2 Rae8 25. f4 Nd7 26. Qd3
Nf6 27. Kd2 Ne4+ 28. Nxe4 dxe4 29. Qxe4 Rd8+ 30. Ke2 Qxa3 31. Qe3 Qxe3+ 32.
Kxe3 b5 33. Ra1 Ra8 34. g4 b4 35. Bd6 Rfe8+ 36. Be5 b3 37. Rb1 Rab8 38. Kd2
Rb5 39. Kc3 Rc8+ 40. Kd2 Rd5+ 41. Ke3 Rb5 42. Kd2 a5 43. Bb2 a4 44. Ba3 Rd5+
45. Ke3 Re8+ 46. Kf3 Rd3+ 47. Kf2 Ree3 48. f5 Rh3 49. Re1 Rhf3+ 50. Kg2 Rfe3
51. Rc1 h6 52. Rc8+ Kh7 53. Rc1 Rd2+ 54. Kf1 b2 55. Bxb2 Rxb2 56. Ra1 Rc3
57. f6 gxf6 58. g5 hxg5 59. hxg5 fxg5 {White resigns} 0-1

[Event "ICC tourney 2148 (70 10)"]
[Site "Internet Chess Club"]
[Date "2020.11.21"]
[Round "2"]
[White "wanderingeigeas"]
[Black "EricCheng-131"]
[Result "0-1"]
[ICCResult "White resigns"]
[WhiteElo "1147"]
[BlackElo "1107"]
[Opening "Scotch: Schmidt variation"]
[ECO "C45"]
[NIC "SO.04"]
[Time "16:03:07"]
[TimeControl "4200+10"]

1. e4 e5 2. Nf3 Nc6 3. d4 exd4 4. Nxd4 Nf6 5. Nc3 Bb4 6. Nxc6 bxc6 7. Bd2
O-O 8. Bd3 Re8 9. f3 d5 10. O-O Bxc3 11. Bxc3 dxe4 12. Bxf6 Qxf6 13. Bxe4
Rd8 14. Qe1 Ba6 15. Rf2 Rab8 16. b3 Re8 17. Rd1 Qe6 18. Qa5 Rb6 19. c4 c5
20. Re2 Qh6 21. Bxh7+ Kxh7 22. Rxe8 Rg6 23. Qxc5 Qf4 24. Qf8 Rg5 25. Qh8+
Kg6 26. Re4 Qxf3 27. Re6+ fxe6 28. Qe8+ Kh7 29. Rd2 Bb7 30. g3 Qe3+ 31. Kf1
Rf5+ {White resigns} 0-1

[Event "ICC tourney 2148 (70 10)"]
[Site "Internet Chess Club"]
[Date "2020.11.21"]
[Round "2"]
[White "bendalbey"]
[Black "missqueen"]
[Result "0-1"]
[ICCResult "White resigns"]
[WhiteElo "132"]
[BlackElo "1026"]
[Opening "Queen's pawn, Mason variation, Steinitz counter-gambit"]
[ECO "D00"]
[NIC "QP.08"]
[Time "16:03:27"]
[TimeControl "4200+10"]

1. d4 d5 2. Bf4 c5 3. c3 Nc6 4. Nf3 Nf6 5. e3 Bf5 6. Nbd2 Qd7 7. Ne5 Nxe5 8.
Bxe5 cxd4 9. cxd4 Rc8 10. Qb3 Bc2 11. Qb5 Ne4 12. Qxd7+ Kxd7 13. Nxe4 dxe4
14. Bb5+ Kd8 15. O-O f6 16. Bg3 a6 17. Be2 e6 18. Rac1 Bb4 19. f3 f5 20. Be5
Bd2 21. Ra1 Bxe3+ 22. Kh1 Rg8 23. fxe4 fxe4 24. Bg4 Ke7 25. d5 Rgf8 26. Rxf8
Rxf8 27. dxe6 g6 28. Bc3 Rf2 29. Bb4+ Ke8 30. h4 h5 31. Bh3 Bd3 32. Rd1 Rxb2
33. a3 Bf4 34. e7 b6 35. g3 Bxg3 36. Rc1 Rh2+ 37. Kg1 Rc2 38. Rd1 a5 39. Bd2
e3 40. Bxe3 Bh2+ 41. Kh1 Be4+ 42. Bg2 Rxg2 43. Bg5 Rxg5+ 44. Kxh2 Rg2+ 45.
Kh1 Rd2+ {White resigns} 0-1

[Event "ICC tourney 2148 (70 10)"]
[Site "Internet Chess Club"]
[Date "2020.11.21"]
[Round "2"]
[White "KottertheOtter"]
[Black "NEPTR"]
[Result "1-0"]
[ICCResult "Black resigns"]
[WhiteElo "1037"]
[BlackElo "1138"]
[Opening "French: Schlechter variation"]
[ECO "C01"]
[NIC "FR.01"]
[Time "16:03:27"]
[TimeControl "4200+10"]

1. e4 e6 2. d4 d5 3. Bd3 dxe4 4. Bxe4 Nf6 5. Nc3 Nxe4 6. Nxe4 Be7 7. Nf3 b6
8. O-O O-O 9. c4 Bb7 10. Qc2 h6 11. Rd1 c5 12. Be3 Qc7 13. d5 exd5 14. cxd5
Rd8 15. Nc3 Na6 16. a3 Qd7 17. Ne5 Qe8 18. Rd2 Bf6 19. Nc4 Nc7 20. d6 Ne6
21. Ne4 Qc6 22. f3 Bd4 23. Re1 a5 24. b3 b5 25. Nb2 Bxe3+ 26. Rxe3 Nd4 27.
Qd1 f5 28. Nxc5 Qxc5 29. Rxd4 Rxd6 30. Rxd6 Qxe3+ 31. Kf1 b4 32. Nc4 Qc3 33.
Kf2 Ba6 34. Qd5+ Kh7 35. Qxa8 bxa3 36. Rxa6 Qxb3 37. Qc6 Qc2+ 38. Kg3 f4+
39. Kxf4 g5+ 40. Kg3 {Black resigns} 1-0

[Event "ICC tourney 2148 (70 10)"]
[Site "Internet Chess Club"]
[Date "2020.11.21"]
[Round "2"]
[White "AshikaN"]
[Black "artistqueen"]
[Result "0-1"]
[ICCResult "White checkmated"]
[WhiteElo "890"]
[BlackElo "1274"]
[Opening "Petrov: French attack"]
[ECO "C42"]
[NIC "RG.03"]
[Time "16:02:55"]
[TimeControl "4200+10"]

1. e4 e5 2. Nf3 Nf6 3. Nxe5 d6 4. Nf3 Nxe4 5. d3 Nf6 6. Bg5 Be7 7. Nc3 Nc6
8. d4 d5 9. h3 h6 10. Be3 O-O 11. Bb5 Bd6 12. Qd2 Re8 13. O-O Bf5 14. Bxh6
gxh6 15. Qxh6 Bxc2 16. Rac1 Bg6 17. Rfd1 a6 18. Bd3 Ne4 19. Nxd5 Bh2+ 20.
Nxh2 Qxd5 21. Bc4 Qh5 22. Qxh5 Bxh5 23. g4 Bg6 24. d5 Ne5 25. f4 Nd7 26. f5
Bh7 27. Re1 Ng5 28. Kg2 Kg7 29. Rf1 f6 30. h4 Nf7 31. Bd3 Nfe5 32. Bb1 Rac8
33. g5 Bg8 34. gxf6+ Nxf6 35. Rg1 Bxd5+ 36. Kh3+ Kf7 37. Rce1 Rcd8 38. Rc1
c6 39. Rg5 Nc4 40. b3 Nd2 41. Rcg1 Kf8 42. h5 Nde4 43. Bxe4 Rxe4 44. Rg6
Nxh5 45. Rg8+ Bxg8 46. Nf3 Rd3 47. Rf1 Rf4 48. Kg2 Bd5 49. a3 Rfxf3 50. Rxf3
Rxf3 51. f6 Rxb3+ 52. Kf2 Nxf6 53. Ke2 Rxa3 54. Kd2 b5 55. Kc2 c5 56. Kb2
Ra2+ 57. Kb1 b4 58. Kc1 b3 59. Kb1 c4 60. Kc1 c3 61. Kb1 c2+ 62. Kc1 Ra1+
63. Kb2 c1=Q# {White checkmated} 0-1

[Event "ICC tourney 2148 (70 10)"]
[Site "Internet Chess Club"]
[Date "2020.11.21"]
[Round "2"]
[White "DavidFantin"]
[Black "Sid907"]
[Result "1-0"]
[ICCResult "Black resigns"]
[WhiteElo "1104"]
[BlackElo "571"]
[Opening "English: Carls' Bremen system"]
[ECO "A22"]
[NIC "EO.10"]
[Time "16:02:59"]
[TimeControl "4200+10"]

1. c4 e5 2. Nc3 Nf6 3. g3 Nc6 4. Bg2 d6 5. d3 Be6 6. Nf3 Rb8 7. e4 h6 8. Nh4
g6 9. O-O Bg7 10. Be3 Ng4 11. Bd2 Nd4 12. Nd5 c6 13. Ne3 h5 14. Nf3 Bf6 15.
b4 Qc8 16. Rc1 h4 17. b5 hxg3 18. fxg3 Nxe3 19. Bxe3 Bh3 20. Rf2 Be7 21.
Nxd4 exd4 22. Bxd4 Rh5 23. Bf3 Rh7 24. e5 Qd7 25. Qe2 Kf8 26. Rb1 Ra8 27. a4
c5 28. Bc3 Rb8 29. Re1 a6 30. Bd5 Be6 31. exd6 Bxd6 32. Qxe6 {Black resigns}
1-0

[Event "ICC tourney 2148 (70 10)"]
[Site "Internet Chess Club"]
[Date "2020.11.21"]
[Round "2"]
[White "theSwishyj"]
[Black "MegaSprout"]
[Result "0-1"]
[ICCResult "White checkmated"]
[WhiteElo "101"]
[BlackElo "956"]
[Opening "Sicilian: Pelikan (Lasker/Sveshnikov) variation"]
[ECO "B33"]
[NIC "SI.35"]
[Time "16:02:51"]
[TimeControl "4200+10"]

1. e4 c5 2. Nf3 Nc6 3. d4 cxd4 4. Nxd4 Nf6 5. Nc3 e5 6. Nf3 Bb4 7. Bd3 d5 8.
exd5 Nxd5 9. Bd2 Nxc3 10. Bxc3 Bxc3+ 11. bxc3 O-O 12. O-O Qe7 13. Re1 Bg4
14. h3 Bxf3 15. Qxf3 f6 16. Qf5 g6 17. Bc4+ Kg7 18. Qf3 a6 19. Rab1 Rac8 20.
Rb2 b5 21. Reb1 Rfd8 22. Bd5 Qd6 23. Rd1 Ne7 24. c4 bxc4 25. Rb7 Rc7 26.
Rxc7 Qxc7 27. Ba8 Rxd1+ 28. Qxd1 c3 29. Qd3 a5 30. Qb5 Nf5 31. Bd5 Nd4 32.
Qa4 Qc5 33. Bb3 Nxb3 34. axb3 Qb4 35. Qd7+ Kh6 36. Qe6 Qf4 37. Qb6 Qc1+ 38.
Kh2 Qxc2 39. Qxf6 Qf5 40. Qh4+ Kg7 41. Qe7+ Qf7 42. Qxe5+ Qf6 43. Qc7+ Kh6
44. Qxa5 Qf4+ 45. g3 Qxf2+ 46. Kh1 c2 47. Qa1 Qd2 48. h4 c1=Q+ 49. Qxc1
Qxc1+ 50. Kg2 Qb2+ 51. Kh3 Qxb3 52. Kg4 Qe6+ 53. Kf4 Qf5+ 54. Ke3 g5 55.
hxg5+ Kxg5 56. Ke2 Kg4 57. Ke3 Kxg3 58. Kd4 Qe6 59. Kd3 Kf4 60. Kd4 Qd6+ 61.
Kc3 Ke3 62. Kc4 Qd4+ 63. Kb5 Qc3 64. Kb6 Kd4 65. Kb7 Kd5 66. Kb6 h5 67. Kb7
Kd6 68. Kb6 Qb3+ 69. Ka5 Kc6 70. Ka6 Qa3# {White checkmated} 0-1

[Event "ICC tourney 2148 (70 10)"]
[Site "Internet Chess Club"]
[Date "2020.11.21"]
[Round "2"]
[White "WhitneyYocps2"]
[Black "AlanLeung"]
[Result "1-0"]
[ICCResult "Black checkmated"]
[WhiteElo "1203"]
[BlackElo "895"]
[Opening "English: Carls' Bremen system"]
[ECO "A22"]
[NIC "EO.24"]
[Time "16:02:40"]
[TimeControl "4200+10"]

1. c4 e5 2. g3 Nf6 3. Nc3 Bc5 4. Bg2 Ng4 5. e3 O-O 6. Qxg4 c6 7. Qd1 d6 8.
Nge2 Bg4 9. O-O a6 10. Re1 Nd7 11. Qb3 Qc7 12. d4 Ba7 13. Bd2 Rae8 14. Rac1
Kh8 15. d5 Nc5 16. Qc2 Qd7 17. b4 cxd5 18. bxc5 Bf5 19. Qb3 Bxc5 20. Bxd5 b6
21. Qa4 Qe7 22. e4 Bh3 23. Qxa6 Qf6 24. Be3 Qf3 25. Nf4 exf4 26. e5 Qg4 27.
Bxf4 dxe5 28. Rxe5 Ra8 29. Bxa8 f6 30. Re2 Bd4 31. Qa3 Bc5 32. Qb2 Rxa8 33.
Rce1 Rf8 34. Re3 g5 35. Qe2 Qf5 36. Re8 gxf4 37. Rxf8+ Bxf8 38. Qe4 Qa5 39.
Nd5 fxg3 40. hxg3 Kg7 41. Re2 Qc5 42. Qh4 Bc8 43. Qxf6+ Kg8 44. Re5 h6 45.
Ne7+ Qxe7 46. Rxe7 Bxe7 47. Qxe7 h5 48. Qd8+ Kh7 49. Qxc8 Kg6 50. Qc6+ Kg5
51. Qxb6 Kg4 52. c5 Kh3 53. Qe6# {Black checkmated} 1-0

[Event "ICC tourney 2148 (70 10)"]
[Site "Internet Chess Club"]
[Date "2020.11.21"]
[Round "2"]
[White "jorgestgo"]
[Black "jrcrawford512"]
[Result "1-0"]
[ICCResult "Black resigns"]
[WhiteElo "223"]
[BlackElo "799"]
[Opening "Bishop's opening: Berlin defense"]
[ECO "C24"]
[NIC "IG.04"]
[Time "16:03:08"]
[TimeControl "4200+10"]

1. e4 e5 2. Bc4 Nf6 3. d3 Bc5 4. Bg5 h6 5. Bxf6 Qxf6 6. Qf3 Nc6 7. Qxf6 gxf6
8. Nf3 d6 9. Nc3 Ne7 10. Nh4 Bd7 11. a3 Rh7 12. Nf3 Rg7 13. g3 O-O-O 14. b4
Bb6 15. a4 a6 16. a5 Ba7 17. b5 Bxb5 18. Bxb5 axb5 19. Nxb5 Bc5 20. a6 bxa6
21. Rxa6 Kd7 22. O-O Rb8 23. Nc3 f5 24. exf5 Nxf5 25. Ne4 Bb6 26. Kg2 Ke7
27. c3 d5 28. Nxe5 Ke6 29. Nc5+ Kxe5 30. Nd7+ Kd6 31. Nxb8 h5 32. h3 Nh4+
33. Kh1 Nf3 34. c4 Rg8 35. c5+ Kxc5 36. Nd7+ Kb5 37. Raa1 Bd4 38. Ra2 Kc6
39. Kg2 Ng5 40. Ra4 Ne6 41. Rxd4 Nxd4 42. Nf6 Rh8 43. Re1 Kd6 44. Ne8+ Kd7
45. Nf6+ Kd6 46. Ne8+ Kd7 47. Ng7 c5 48. g4 hxg4 49. hxg4 Rg8 50. Nh5 Rxg4+
51. Kf1 Rh4 52. Ng3 f5 53. Re5 Kd6 54. Rxf5 Nxf5 55. Nxf5+ Ke5 56. Nxh4 Kd4
57. Ke2 c4 58. dxc4 dxc4 59. Kd2 c3+ 60. Kc2 Ke4 61. Kxc3 Kf4 62. Kd3 Kg4
63. Ke4 Kxh4 64. f4 Kh5 65. Ke5 Kg6 66. Ke6 Kg7 67. f5 Kf8 68. Kf6
{Black resigns}
1-0

[Event "ICC tourney 2148 (70 10)"]
[Site "Internet Chess Club"]
[Date "2020.11.21"]
[Round "2"]
[White "Ldon22"]
[Black "jackhilgenberg"]
[Result "0-1"]
[ICCResult "White checkmated"]
[WhiteElo "784"]
[BlackElo "1201"]
[Opening "French: advance, Paulsen attack"]
[ECO "C02"]
[NIC "FR.03"]
[Time "16:02:50"]
[TimeControl "4200+10"]

1. e4 e6 2. d4 d5 3. e5 c5 4. c3 Nc6 5. Nf3 Qb6 6. a3 Bd7 7. b4 c4 8. Bg5 a5
9. Nbd2 axb4 10. axb4 Rxa1 11. Qxa1 Be7 12. Be2 Qa6 13. O-O Bxg5 14. Nxg5
Nge7 15. Qxa6 bxa6 16. Ra1 a5 17. bxa5 O-O 18. Bd1 Na7 19. Rb1 Nb5 20. Bc2
g6 21. h4 Nxc3 22. Rb7 Rd8 23. a6 Nc6 24. h5 Ne2+ 25. Kf1 Nexd4 26. Ba4 c3
27. Nb3 Nxb3 28. Bxc6 c2 29. Bxd7 c1=Q+ 30. Ke2 Nd4+ 31. Kd3 Qc4+ 32. Ke3
Qxa6 33. Rc7 Rxd7 34. Rxd7 Nf5+ 35. Kd2 Qa5+ 36. Kc1 Qc5+ 37. Kd1 Qxf2 38.
h6 Ne3+ 39. Kc1 Qc2# {White checkmated} 0-1